 Dungeon Crawl Stone Soup version 0.24-a0-132-ge4b1dce (webtiles) character file.

Game seed: 11553645146363417416

450 galech the Chopper (level 6, -2/48 HPs)
             Began as a Demonspawn Fighter on Feb 27, 2019.
             Killed from afar by an orc wizard (12 damage)
             ... with a magic dart
             ... on level 4 of the Dungeon.
             The game lasted 00:04:12 (2530 turns).

galech the Chopper (Demonspawn Fighter)             Turns: 2530, Time: 00:04:13

Health: -2/48      AC: 13    Str: 19    XL:     6   Next: 74%
Magic:  6/6        EV:  5    Int:  9    God:
Gold:   154        SH:  0    Dex: 14    Spells: 5/5 levels left

rFire    . . .     SeeInvis +   a - +0 war axe
rCold    . . .     Gourm    .   s - +2 shield
rNeg     . . .     Faith    .   t - +0 chain mail
rPois    .         Spirit   .   n - +2 hat {SInv}
rElec    .         Reflect  .   (no cloak)
rCorr    .         Harm     .   (no gloves)
MR       .....                  (no boots)
Stlth    ..........             (no amulet)
HPRegen  0.16/turn              i - +2 ring of strength
MPRegen  0.10/turn              (no ring)

@: confused
A: thin metallic scales 1, demonic guardian 2, powered by death 1
a: no special abilities


You were on level 4 of the Dungeon.
You were not hungry.

You visited 1 branch of the dungeon, and saw 4 of its levels.

You collected 154 gold pieces.

Inventory:

Hand Weapons
 a - a +0 war axe (weapon)
Armour
 n - a +2 hat of see invisible (worn)
 s - a +2 shield (worn)
 t - a +0 chain mail (worn)
Jewellery
 e - an uncursed ring of see invisible
 i - a +2 ring of strength (left hand)
Scrolls
 g - a scroll of magic mapping
 l - a scroll of amnesia
 m - a scroll of identify
 p - a scroll of teleportation
 q - a scroll of noise
Potions
 b - a potion of magic {unknown}
 d - a potion of might
 h - a potion of curing
 j - a potion of heal wounds {unknown}
 k - 2 potions of lignification
Comestibles
 c - 2 chunks of flesh
 f - 6 rations


   Skills:
 + Level 3.9 Fighting
 + Level 4.5 Axes
 + Level 3.7 Armour
 + Level 1.2 Dodging
 + Level 0.4 Stealth
 + Level 3.8 Shields


You had 5 spell levels left.
You didn't know any spells.
Your spell library was empty.

Dungeon Overview and Level Annotations

Branches:
Dungeon (4/15)
 Temple: D:4-7

Altars:
Hepliaklqana
Qazlal


Innate Abilities, Weirdness & Mutations

You are partially covered in thin metallic scales. (AC +2)
A demonic guardian rushes to your aid.
You regenerate a little health from kills.


Message History

You closely miss the orc wizard. You block the orc wizard's attack.
You block the orc's attack.
You hit the orc.
You kill the orc!
You hit the orc wizard.
The orc wizard points at you and mumbles some strange words.
You are confused.
The orc wizard points at you and mumbles some strange words.
The puff of flame hits you!
You closely miss the orc wizard.
The orc wizard is almost dead.
The orc wizard hits you but does no damage.
You bump into the rock wall.
The orc wizard casts a spell at you. The magic dart hits you.
* * * LOW HITPOINT WARNING * * *
You bump into the rock wall.
The orc wizard points at you and mumbles some strange words.
The magic dart hits you!
You die...

# #..
########... #..
#.)o)...... #..
#..@).# #..
#.#####
#..##.##..##
#+###.......>..#
...............#
..##....###+###
#....###..# .#
#.....#...+ ..#
######.....#...#
..# ..


You could see an orc wizard (invisible).

Vanquished Creatures
  An orc wizard (D:4)
  Natasha (twice) (D:2)
  2 worker ants (D:4)
  2 adders (D:4)
  4 oozes (D:1)
  5 worms
  2 dart slugs
  2 leopard geckos
  12 orcs
  2 ball pythons (D:1)
  4 bats
  5 giant cockroaches
  8 goblins
  10 hobgoblins
  11 jackals
  5 kobolds
  A quokka (D:4)
  A frilled lizard (D:2)
  A leopard gecko skeleton (D:4)
  9 rats
89 creatures vanquished.

Vanquished Creatures (collateral kills)
  An ogre (D:4)
  An orc priest (D:3)
  A hound (D:4)
  3 orc wizards (D:3)
  Natasha (D:2)
  4 orcs (D:3)
  A goblin (D:3)
  A kobold (D:3)
  A quokka (D:2)
  A bat (D:3)
15 creatures vanquished.

Grand Total: 104 creatures vanquished

Notes
Turn   | Place    | Note
-------+----------+-------------------------------------------
     0 | D:1      | galech the Demonspawn Fighter began the quest for the Orb.
     0 | D:1      | Reached XP level 1. HP: 18/18 MP: 1/1
     1 | D:1      | Found a runed translucent door.
   132 | D:1      | Gained mutation: You are partially covered in thin metallic
                  | scales. (AC +2) [demonic ancestry]
   132 | D:1      | Reached XP level 2. HP: 24/24 MP: 2/2
   261 | D:1      | Reached skill level 2 in Axes
   619 | D:2      | Gained mutation: You regenerate a little health from kills.
                  | [demonic ancestry]
   619 | D:2      | Reached XP level 3. HP: 29/29 MP: 3/3
   763 | D:1      | Gained mutation: A weak demonic guardian rushes to your
                  | aid. [demonic ancestry]
   763 | D:1      | Reached XP level 4. HP: 31/35 MP: 4/4
   892 | D:2      | Found a faded altar of an unknown god.
   900 | D:2      | Reached skill level 3 in Axes
   969 | D:2      | Noticed Natasha
   973 | D:2      | Killed Natasha
   975 | D:2      | Found a stormy altar of Qazlal.
   977 | D:2      | Noticed a fire elemental
   978 | D:2      | Noticed a water elemental
   978 | D:2      | Noticed an air elemental
   978 | D:2      | Noticed an earth elemental
  1018 | D:2      | Noticed Natasha
  1026 | D:2      | Killed Natasha
  1031 | D:2      | Noticed Natasha
  1038 | D:2      | Killed Natasha
  1038 | D:2      | Gained mutation: A demonic guardian rushes to your aid.
                  | [demonic ancestry]
  1038 | D:2      | Reached XP level 5. HP: 20/41 MP: 5/5
  1544 | D:3      | Found a hazy altar of Hepliaklqana.
  1595 | D:3      | Reached skill level 4 in Axes
  1659 | D:3      | Reached skill level 1 in Dodging
  2102 | D:4      | Reached XP level 6. HP: 46/47 MP: 6/6
  2530 | D:4      | Killed from afar by an orc wizard

Levels and vault maps discovered:
D:1:      dpeg_arrival_caged_fury, layout_basic
D:2:      layout_loops_ring, first_ration, chequers_ecumenical_altar_island,
          grunt_ministairs_9, nicolae_qazlal_style_of_elements, uniq_natasha
D:3:      layout_loops_ring, overflow_temple_1_default
D:4:      layout_gridville, dk_vineyard_2

Skill      XL: |  1  2  3  4  5 |
---------------+----------------+-----
Axes           | 2 3 4 |  4.5
Shields        | 3 |  3.8
Armour         | 3 |  3.7
Dodging        | 1 |  1.2
Fighting       | |  3.9
Stealth        | |  0.4

Action                   |  1- 3 |  4- 6 || total
-------------------------+-------+-------++-------
Melee: War axe           |   123 |   158 ||   281
  Use: Scroll            |       |     8 ||     8
       Potion            |       |     1 ||     1
 Stab: Distracted        |       |     1 ||     1
  Eat: Chunk             |       |     6 ||     6
Armor: Scale mail        |    68 |    49 ||   117
       Chain mail        |       |    11 ||    11
Dodge: Dodged            |    36 |    51 ||    87
Block: Shield            |    59 |    87 ||   146

Table legend:
 A = Non-vault XP
 B = Vault XP
 C = Vault XP percentage of total XP
 D = Non-vault monster count
 E = Vault monster count
 F = Vault count percentage of total count
                 A         B        C        D         E       F
            +---------+---------+-------+---------+---------+-------
      Total |     545 |      98 |  15.2 |      83 |      21 |  20.2
            +---------+---------+-------+---------+---------+-------
        D:1 |      28 |      59 |  67.8 |      16 |      18 |  52.9
        D:2 |      84 |      39 |  31.7 |      20 |       3 |  13.0
        D:3 |     166 |       0 |   0.0 |      31 |       0 |   0.0
        D:4 |     267 |       0 |   0.0 |      16 |       0 |   0.0
            +---------+---------+-------+---------+---------+-------
